 Dungeon Crawl Stone Soup version 0.28-a0-834-g1a73be5ee4 (webtiles) character file.

Game seed: 4799059777178203311

14896 Crownlay the Eclecticist (level 12, -1/59 HPs)
             Began as a Gargoyle Earth Elementalist on Nov 11, 2021.
             Was an Elder of Vehumet.
             Killed by divine providence
             ... invoked by a meliai
              (16 damage)
             ... on level 12 of the Dungeon on Nov 12, 2021.
             The game lasted 00:20:12 (12876 turns).

Crownlay the Eclecticist (GrEE)                    Turns: 12876, Time: 00:20:12

Health: -1/59      AC: 20    Str: 13    XL:     12   Next: 21%
Magic:  32/40      EV: 16    Int: 26    God:    Vehumet [****..]
Gold:   592        SH:  5    Dex: 13    Spells: 37/41 levels left

rFire   x . .      SeeInvis .   q - +1 flail (protect)
rCold   . . .      Faith    .   (no shield)
rNeg    + . .      Spirit   .   n - +2 robe {Will+}
rPois   ∞          Reflect  +   D - +0 helmet
rElec   +          Harm     .   w - +0 cloak
rCorr   .          Rampage  .   J - +2 pair of gloves {Stlth+}
Will    +....                   r - +2 pair of boots
Stlth   +++.......              d - amulet of reflection
HPRegen 0.19/turn               K - ring of Ammesehiurr {rElec rF- EV+4 Int+6 Dex+3}
MPRegen 0.27/turn               H - ring of magical power

@: no status effects
A: sickness immunity, AC +8, negative energy resistance 1, electricity
resistance, torment resistance 1, petrification resistance
a: Renounce Religion


You were on level 12 of the Dungeon.
You worshipped Vehumet.
Vehumet was greatly pleased with you.
You visited 1 branch of the dungeon, and saw 12 of its levels.

You collected 893 gold pieces.
You spent 301 gold pieces at shops.

Inventory:

Hand Weapons
 q - a +1 flail of protection (weapon)
Missiles
 c - 218 stones
 e - 6 throwing nets
Armour
 n - a +2 robe of willpower (worn)
 r - a +2 pair of boots (worn)
 w - a +0 cloak (worn)
 D - a +0 helmet (worn)
 J - a +2 pair of gloves of stealth (worn)
Jewellery
 d - an amulet of reflection (around neck)
 y - a ring of protection from fire
 H - a ring of magical power (right hand)
 K - the ring of Ammesehiurr (left hand) {rElec rF- EV+4 Int+6 Dex+3}
   (You found it on level 9 of the Dungeon)

   [ring of evasion]

   EV:        It affects your evasion (+4).
   Int:       It affects your intelligence (+6).
   Dex:       It affects your dexterity (+3).
   rF:        It makes you vulnerable to fire.
   rElec:     It insulates you from electricity.
 N - an amulet of faith
Wands
 o - a wand of flame (25)
 E - a wand of acid (6)
 G - a wand of mindburst (47)
 I - a wand of iceblast (8)
 M - a wand of charming (10)
Scrolls
 f - 4 scrolls of enchant armour
 j - 3 scrolls of fog
 k - a scroll of acquirement {unknown}
 s - a scroll of teleportation
 v - 3 scrolls of enchant weapon
 x - a scroll of vulnerability {unknown}
 z - a scroll of magic mapping {unknown}
 B - 2 scrolls of noise
 C - 2 scrolls of blinking
 F - a scroll of immolation {unknown}
 O - a scroll of holy word {unknown}
Potions
 a - 5 potions of curing
 b - a potion of haste
 g - 2 potions of mutation
 h - a potion of cancellation {unknown}
 i - 2 potions of heal wounds
 l - 2 potions of lignification {unknown}
 m - a potion of might {unknown}
 p - a potion of berserk rage {unknown}
 t - 4 potions of invisibility
 u - 2 potions of flight {unknown}
 A - a potion of ambrosia
 L - 3 potions of attraction {unknown}
Miscellaneous
 P - a phantom mirror


   Skills:
 - Level 1.5 Dodging
 - Level 2.1 Stealth
 - Level 15.0 Spellcasting
 - Level 0.7 Transmutations
 + Level 13.2 Earth Magic


You had 37 spell levels left.
You knew the following spells:

 Your Spells              Type           Power      Damage    Failure   Level
a - Sandblast             Erth           100%       2d20      0%          1
b - Stone Arrow           Conj/Erth      100%       3d13      1%          3

Your spell library contained the following spells:

 Spells                   Type           Power      Damage    Failure   Level
 Conjure Flame            Conj/Fire      19%        6-21      2%          3
 Passwall                 Tmut/Erth      45%        N/A       1%          2
 Petrify                  Tmut/Erth      54%        N/A       1%          4
 Wereblood                Tmut           23%        N/A       3%          2
 Borgnjor's Vile Clutch   Necr/Erth      26%        N/A       4%          5
 Alistair's Intoxication  Tmut/Pois      14%        N/A       54%         5
 Eringya's Noxious Bog    Tmut/Pois      10%        N/A       63%         6
 Summon Hydra             Summ           9%         N/A       100%        7
 Sublimation of Blood     Necr           Unusable   N/A       N/A         2

Dungeon Overview and Level Annotations

Branches:
Dungeon (12/15)            Temple (0/1) D:6            Lair (0/6) D:8
    Orc: D:9-12

Altars:
Dithmenos
Okawaru
Sif Muna
Vehumet
Wu Jian
Yredelemnul

Shops:
D:1 [   D:5 =   D:8 [   D:9 !

Annotations:
D:8 exclusion: ice statue


Innate Abilities, Weirdness & Mutations

You are immune to sickness and miasma.
Your stone body is resilient. (AC +8)
You are immune to poison.
You resist negative energy. (rN+)
You are resistant to electric shocks. (rElec)
You are resistant to unholy torment.
You are immune to petrification.


Message History

The queen bee is lightly wounded.
c - 221 stones A meliai comes into view.
It is wielding a +3 hand axe.
The meliai calls upon its god to heal the queen bee.
The queen bee's wounds heal themselves!
The queen bee stings you but does no damage.
You hear an angry buzzing noise. x2
Casting: Sandblast (safe; 0% risk of failure)
Confirm with . or Enter, or press ? or * to list all spells.
Aiming: Sandblast (safe; 0% risk of failure)
Press: ? - help, Shift-Dir - straight line, f/p - queen bee
Aim: a queen bee (84% to hit)
The blast of sand hits the queen bee!
The queen bee is lightly wounded.
c - 220 stones You hear an angry buzzing noise.
The queen bee misses you.
You hear an angry buzzing noise. x2
Casting: Sandblast (safe; 0% risk of failure)
Confirm with . or Enter, or press ? or * to list all spells.
Aiming: Sandblast (safe; 0% risk of failure)
Press: ? - help, Shift-Dir - straight line, f/p - queen bee
Aim: a queen bee (lightly wounded, 84% to hit)
The blast of sand hits the queen bee.
The queen bee is moderately wounded.
c - 219 stones You hear an angry buzzing noise.
You block the queen bee's attack.
You hear an angry buzzing noise.
Casting: Sandblast (safe; 0% risk of failure)
Confirm with . or Enter, or press ? or * to list all spells.
Aiming: Sandblast (safe; 0% risk of failure)
Press: ? - help, Shift-Dir - straight line, f/p - queen bee
Aim: a queen bee (moderately wounded, 84% to hit)
The blast of sand hits the queen bee.
The queen bee is moderately wounded.
c - 218 stones The meliai invokes the aid of its god against you.
Something smites you!
You die...

.................
####..(.......#.#.##
yy#.....#...<..#.#
†y..............#
#........>...#.##
#.....#..#.......
#..).....#...#.##
###.#..#.##...#.##
#@yy......##..#.##
######.[......#.##
#.##.#####... #....#
#### #.####
#######.# #.......#
#########


You could see a queen bee and a meliai.

Vanquished Creatures
  Harold (D:8)
  2 two-headed ogres
  A deep elf pyromancer (D:10)
  Pikel (D:6)
  A centaur zombie (D:11)
  A gargoyle (D:7)
  Maggie (D:6)
  A komodo dragon (D:10)
  6 ice devils (D:8)
  2 trolls
  2 meliai (D:12)
  Grinder (D:3)
  3 hornets
  Sigmund (D:2)
  A vampire (D:9)
  A shadow (D:11)
  A centaur simulacrum (D:10)
  4 wyverns
  A wraith (D:11)
  5 yaks
  3 vampire mosquitoes (D:11)
  A steam dragon (D:10)
  3 acid dragons
  5 water moccasins
  2 sky beasts (D:7)
  3 orc warriors
  A black bear (D:8)
  An ice beast (D:5)
  3 wolves (D:10)
  A necrophage (D:6)
  2 centaurs
  2 phantoms
  A lemure (D:6)
  3 kobold brigands
  8 bullfrogs
  2 gnoll sergeants
  6 scorpions
  15 killer bees
  5 wights (D:8)
  4 howler monkeys
  2 bullfrog zombies (D:5)
  Crazy Yiuf (D:4)
  A jelly (D:5)
  4 orc priests
  A bullfrog skeleton (D:6)
  3 hounds
  3 iguanas
  Jessica (D:2)
  Terence (D:2)
  10 orc wizards
  A killer bee zombie (D:6)
  A howler monkey skeleton (D:7)
  3 howler monkey zombies (D:9)
  6 adders
  4 shadow imps
  2 white imps
  8 ufetubi
  A dart slug (D:3)
  28 orcs
  5 ball pythons
  4 bats
  5 endoplasms
  2 giant cockroaches (D:1)
  10 goblins
  A hobgoblin (D:2)
  7 jackals
  2 quokkas
  2 frilled lizards (D:3)
  16 kobolds
  2 rats (D:1)
  3 toadstools (D:1)
248 creatures vanquished.

Vanquished Creatures (others)
  Prince Ribbit (D:8)
  27 fungi (D:8)
  35 plants (D:8)
  A toadstool (D:1)
64 creatures vanquished.

Grand Total: 312 creatures vanquished

Notes
Turn   | Place    | Note
-------+----------+-------------------------------------------
     0 | D:1      | Crownlay the Gargoyle Earth Elementalist began the quest
                  | for the Orb.
     0 | D:1      | Reached XP level 1. HP: 10/10 MP: 3/3
     1 | D:1      | Found Cosoel's Antique Armour Shop.
   378 | D:1      | Reached XP level 2. HP: 14/15 MP: 5/5
   838 | D:1      | Found a faded altar of an unknown god.
   932 | D:2      | Reached XP level 3. HP: 19/19 MP: 4/7
   983 | D:2      | Learned a level 3 spell: Stone Arrow
  1055 | D:2      | Noticed Jessica
  1062 | D:2      | Killed Jessica
  1063 | D:2      | Reached skill level 3 in Spellcasting
  1074 | D:2      | Reached XP level 4. HP: 19/24 MP: 9/9
  1414 | D:2      | Noticed Terence
  1433 | D:2      | Killed Terence
  1434 | D:2      | Reached skill level 4 in Spellcasting
  1434 | D:2      | Reached XP level 5. HP: 16/28 MP: 4/11
  1520 | D:2      | Noticed Sigmund
  1526 | D:2      | Killed Sigmund
  1527 | D:2      | Reached skill level 5 in Spellcasting
  1527 | D:2      | Reached skill level 5 in Earth Magic
  1527 | D:2      | Reached XP level 6. HP: 25/32 MP: 5/13
  1608 | D:3      | Noticed Grinder
  1660 | D:3      | Killed Grinder
  1661 | D:3      | Reached XP level 7. HP: 33/36 MP: 11/15
  1698 | D:3      | Found a radiant altar of Vehumet.
  1715 | D:3      | Became a worshipper of Vehumet
  2262 | D:3      | Found an iron altar of Okawaru.
  2378 | D:3      | Reached skill level 6 in Spellcasting
  3674 | D:4      | Found a runed translucent door.
  3675 | D:4      | Noticed Crazy Yiuf
  3937 | D:4      | Killed Crazy Yiuf
  4043 | D:5      | Entered Level 5 of the Dungeon
  4186 | D:5      | Reached skill level 7 in Spellcasting
  4186 | D:5      | Reached XP level 8. HP: 41/41 MP: 11/18
  4600 | D:5      | Reached * piety under Vehumet
  4600 | D:5      | Offered knowledge of Shock by Vehumet.
  4746 | D:5      | Found Vienafeq's Jewellery Shop.
  5016 | D:5      | Noticed a wyvern
  5025 | D:5      | Killed a wyvern
  5153 | D:5      | Reached skill level 8 in Spellcasting
  5309 | D:6      | Found an ornate altar of the Wu Jian Council.
  5570 | D:6      | Noticed Pikel
  5618 | D:6      | Killed Pikel
  5619 | D:6      | Reached skill level 9 in Spellcasting
  5619 | D:6      | Reached XP level 9. HP: 36/45 MP: 2/22
  5829 | D:6      | Found a staircase to the Ecumenical Temple.
  5962 | D:6      | Noticed Maggie
  5974 | D:6      | Killed Maggie
  6109 | D:6      | Identified the +1 leather armour "Boatoakh" {rF++ Slay+2}
  6615 | D:7      | Reached skill level 10 in Spellcasting
  6757 | D:7      | Reached skill level 10 in Earth Magic
  7129 | D:7      | Reached XP level 10. HP: 50/50 MP: 15/24
  7252 | D:7      | Noticed a gargoyle
  7258 | D:7      | Killed a gargoyle
  7259 | D:7      | Reached skill level 11 in Spellcasting
  7815 | D:8      | Found a staircase to the Lair.
  8022 | D:8      | Offered knowledge of Foxfire by Vehumet.
  8025 | D:8      | Reached ** piety under Vehumet
  8115 | D:8      | Reached skill level 12 in Spellcasting
  8155 | D:8      | Noticed Harold
  8174 | D:8      | Killed Harold
  8174 | D:8      | Noticed Prince Ribbit
  8192 | D:8      | Noticed a two-headed ogre
  8244 | D:8      | Killed Prince Ribbit
  8254 | D:8      | Killed a two-headed ogre
  8438 | D:8      | Reached skill level 13 in Spellcasting
  8444 | D:8      | Reached XP level 11. HP: 54/54 MP: 28/28
  8587 | D:8      | Found Othoreu's Armour Shoppe.
  8597 | D:8      | Bought a +2 pair of gloves of stealth for 301 gold pieces
  8653 | D:8      | Offered knowledge of Ignite Poison by Vehumet.
 10029 | D:9      | Found a shimmering blue altar of Sif Muna.
 10029 | D:9      | Found a shadowy altar of Dithmenos.
 10107 | D:9      | Found Fouzoir's Distillery.
 10168 | D:9      | Noticed a two-headed ogre
 10173 | D:9      | Killed a two-headed ogre
 10185 | D:9      | Reached skill level 14 in Spellcasting
 10317 | D:9      | Identified the ring of Ammesehiurr {rElec rF- EV+4 Int+6
                  | Dex+3}
 10356 | D:9      | Reached *** piety under Vehumet
 10399 | D:9      | Found a basalt altar of Yredelemnul.
 10666 | D:10     | Entered Level 10 of the Dungeon
 11028 | D:10     | Noticed a deep elf pyromancer
 11035 | D:10     | Killed a deep elf pyromancer
 11337 | D:10     | Offered knowledge of Conjure Flame by Vehumet.
 12012 | D:11     | Reached XP level 12. HP: 59/59 MP: 21/30
 12349 | D:11     | Reached skill level 15 in Spellcasting
 12859 | D:12     | Reached **** piety under Vehumet
 12876 | D:12     | Killed from afar by a meliai

Illustrated notes

Levels and vault maps discovered:
D:1:      ldierk_water_garden, layout_rooms, ebering_ecumenical_altar_mist,
          serial_shops, shop
D:2:      layout_basic, uniq_terence, uniq_sigmund, uniq_jessica
D:3:      layout_basic, vehumet_altar_wand_db, marbit_many_paths,
          minmay_misc_feat_encased, serial_bayou_pond_a, chequers_mini_garden,
          uniq_grinder
D:4:      layout_basic, kennysheep_generic_room_7, uniq_crazy_yiuf_cottage
D:5:      minmay_general_purpose_star, layout_cave_pods, serial_shops,
          kennysheep_mini, serial_column_ruins, column_ruins_open_small_water,
          column_ruins_open_medium, column_ruins_columns_dead_end,
          column_ruins_open_small_water
D:6:      layout_rooms, mainiacjoe_overflow_tiny_flanked,
          minmay_temple_entry_glassed_door, uniq_pikel, uniq_maggie
D:7:      layout_loops_cross, serial_aquarium, aquarium_bridge_long_joined
          [aquarium_subvault_bridge, aquarium_subvault_wall,
          aquarium_subvault_wall, aquarium_subvault_wall,
          aquarium_subvault_window, aquarium_subvault_bridge],
          aquarium_bridge_square [aquarium_subvault_bridge,
          aquarium_subvault_balcony, aquarium_subvault_wall,
          aquarium_subvault_window], aquarium_window_fake, aquarium_window_2,
          aquarium_view_2c
D:8:      cheibrodos_frozen_isle, layout_basic, due_lair_maze_entry_diamond,
          serial_shops, shop, uniq_harold, uniq_prince_ribbit1
D:9:      layout_roguey, gammafunk_temple_overflow_wave,
          lemuel_zombie_altar_yredelemnul, serial_shops, shop
D:10:     layout_rooms, serial_ice, serial_ice_a, serial_ice_m, serial_ice_g,
          serial_ice_d, minmay_quadrilaterals
D:11:     layout_stronghold
D:12:     layout_basic, zombieorc2_lemuel, special_room [special_room_bee],
          roderic_lattice_a

Skill      XL: |  1  2  3  4  5  6  7  8  9 10 11 12 |
---------------+-------------------------------------+-----
Earth Magic    | 4 5 6 7 8 10 12 13 | 13.2
Spellcasting   | 3 4 5 7 9 10 13 14 15 | 15.0
Dodging        | |  1.5
Stealth        | |  2.1
Transmutations | |  0.7

Action                   |  1- 3 |  4- 6 |  7- 9 | 10-12 || total
-------------------------+-------+-------+-------+-------++-------
Melee: Short sword       |    72 |    23 |    49 |       ||   144
       Unarmed           |     6 |       |       |       ||     6
       Flail             |       |       |   314 |    26 ||   340
 Cast: Sandblast         |    14 |    25 |    42 |    99 ||   180
       Stone Arrow       |       |       |    87 |   232 ||   319
  Use: Scroll            |       |       |     6 |     5 ||    11
       Potion            |       |       |       |     2 ||     2
 Stab: Sleeping          |     1 |     1 |     1 |       ||     3
Armor: Robe              |    50 |     8 |   325 |    77 ||   460
Dodge: Dodged            |    65 |    17 |   315 |   127 ||   524
Block: Other             |       |       |       |    12 ||    12
       Reflection        |       |       |       |     1 ||     1

Table legend: (Time is in decaauts)
 A = Elapsed time spent in this place.
 B = Non-inter-level travel time spent in this place.
 C = Inter-level travel time spent in this place.
 D = Time resting spent in this place.
 E = Time spent auto-exploring this place.
 F = Levels seen in this place.
 G = Mean time per level.
                   A        B        C        D        E       F      G
               +--------+--------+--------+--------+--------+-----+--------+
         Total |  13008 |  12784 |    224 |    555 |  10147 |  12 | 1084.0 |
       Dungeon |  13008 |  12784 |    224 |    555 |  10147 |  12 | 1084.0 |
               +--------+--------+--------+--------+--------+-----+--------+

Top non-repeatable levels by time:
     D:8: 2055 daAuts
     D:7: 1322 daAuts
     D:3: 1262 daAuts
     D:5: 1246 daAuts
     D:4: 1184 daAuts
     D:6: 1159 daAuts
    D:11: 1092 daAuts
    D:10: 1041 daAuts
     D:1: 929 daAuts
     D:9: 907 daAuts
     D:2: 727 daAuts
    D:12: 78 daAuts
